Stars vs Jets

Created - 18 avril 2020 at 21:28

Goals
1 2 3 T
Stars 0 0 0 0
Jets 2 1 1 4
Shots
1 2 3 T
Stars 8 7 5 20
Jets 15 9 16 40

1st period

1. Jets , Hampus Lindholm 1 (Patrice Bergeron 9, P.K. Subban 5) at 5:44
2. Jets , Mikko Koivu 2 (Jake Muzzin 5, Nick Foligno 3) at 6:10

Penalties :
Danny DeKeyser (DAL) for Holding (Minor) at 0:45, P.K. Subban (WPG) for Interference (Minor) at 10:47, P.K. Subban (WPG) for Goalie Interference (Minor) at 16:52, Paul Byron (DAL) for Holding (Minor) at 18:52

2nd period

3. Jets , Tomas Tatar 1 (Hampus Lindholm 6, Patrice Bergeron 10) at 2:43 (PP)

Penalties :
Joel Edmundson (DAL) for Tripping (Minor) at 1:23, Joel Edmundson (DAL) for Cross-checking (Minor) at 7:29, Tomas Tatar (WPG) for Holding Stick (Minor) at 11:29

3rd period

4. Jets , Mika Zibanejad 7 (P.K. Subban 6, Cam Atkinson 1) at 11:22

Penalties :
Sidney Crosby (DAL) for Cross-checking (Minor) at 0:11, Jake Muzzin (WPG) for Tripping (Minor) at 7:40

Goalie Stats

Darcy Kuemper (DAL), 36 saves from 40 shots - (0,900), L, 7-5-0, 60:00 minutes
Ben Bishop (WPG), 20 saves from 20 shots - (1,000), W, 7-5-1, 60:00 minutes

Players Stats for Stars

Player Name              G  A  P  +/- PIM S  H  SB GA TA FO     MP     PP MP  PK MP  
------------------------------------------------------------------------------------
Brandon Montour          0  0  0  -1  0   0  0  2  0  0  0/0    22:47   4:08   4:53 
Brenden Dillon           0  0  0   0  0   0  0  0  0  0  0/0     2:59   0:00   0:00 
Danny DeKeyser           0  0  0  -1  2   0  1  3  0  0  0/0    17:25   0:00   3:40 
Devin Shore              0  0  0  -1  0   3  3  0  0  0  3/8    14:30   0:00   0:00 
Duncan Keith             0  0  0  -1  0   0  2  2  0  0  0/0    21:56   3:48   4:55 
Evander Kane             0  0  0  -1  0   0  3  0  0  0  0/3    15:53   3:55   0:00 
Joel Edmundson           0  0  0  -1  4   0  4  1  0  0  0/0    12:48   0:00   0:00 
John Klingberg           0  0  0  -1  0   2  2  4  0  0  0/0    25:24   4:08   5:04 
Jon Marchessault         0  0  0  -1  0   1  2  0  0  0  0/0    19:35   3:15   0:00 
Josh Bailey              0  0  0  -1  0   3  0  0  0  0  0/0    14:30   0:00   0:00 
Nazem Kadri              0  0  0  -1  0   3  0  0  0  0  13/20  15:59   4:01   0:00 
Paul Byron               0  0  0  -1  2   1  1  0  0  0  0/0    15:09   0:40   0:00 
Ryan Murray              0  0  0  -1  0   1  0  5  0  0  0/0    16:38   3:48   0:00 
Sebastian Aho            0  0  0  -1  0   2  0  0  0  0  2/5    21:50   4:01   5:47 
Sidney Crosby            0  0  0  -1  2   4  2  0  0  0  14/25  20:14   3:55   0:00 
Tommy Wingels            0  0  0   0  0   0  1  0  0  0  1/9     7:47   0:00   3:29 
Yanni Gourde             0  0  0  -1  0   0  0  0  0  0  4/10   21:46   4:01   5:47 
Zach Aston-Reese         0  0  0   0  0   0  1  0  0  0  0/0     3:29   0:00   3:29 

Players Stats for Jets

Player Name              G  A  P  +/- PIM S  H  SB GA TA FO     MP     PP MP  PK MP  
------------------------------------------------------------------------------------
Bryan Rust               0  0  0   1  0   2  0  0  0  0  0/1    14:47   0:00   3:15 
Cam Atkinson             0  1  1   1  0   3  0  0  0  0  2/3    15:47   4:48   0:00 
Carl Soderberg           0  0  0   1  0   2  1  0  0  0  3/9    20:35   0:00   3:48 
Carter Rowney            0  0  0   0  0   0  0  0  0  0  0/0     0:24   0:00   0:24 
Derek MacKenzie          0  0  0   0  0   0  0  2  0  0  0/1     9:46   0:00   3:58 
Devon Toews              0  0  0   0  0   0  0  3  0  0  0/0    18:45   4:38   0:00 
Hampus Lindholm          1  1  2   2  0   6  1  2  0  0  0/0    24:44   4:16   4:07 
Jake Guentzel            0  0  0   1  0   1  1  0  0  0  0/2    19:34   4:28   0:37 
Jake Muzzin              0  1  1   1  2   3  2  0  0  0  0/0    20:25   5:00   2:11 
Jay Bouwmeester          0  0  0   1  0   0  0  0  0  0  0/0    18:51   0:00   4:32 
Kevin Rooney             0  0  0   0  0   1  1  0  0  0  1/2     8:39   0:00   2:51 
Mika Zibanejad           1  0  1   1  0   3  2  1  0  0  13/25  15:27   4:28   0:00 
Mikko Koivu              1  0  1   1  0   6  0  1  0  0  7/13   16:00   4:28   0:00 
Nick Foligno             0  1  1   1  0   2  0  0  0  0  0/0    12:31   0:00   0:59 
P.K. Subban              0  2  2   2  4   4  0  3  0  0  0/0    22:36   4:38   1:39 
Patrice Bergeron         0  2  2   1  0   3  0  0  0  0  16/22  19:17   4:48   0:00 
Tomas Tatar              1  0  1   1  2   3  1  0  0  0  1/2    19:16   4:48   0:00 
Zach Bogosian            0  0  0   0  0   1  1  2  0  0  0/0    14:36   0:00   3:23 

3 Stars

1 - Hampus Lindholm (WPG)
2 - Ben Bishop (WPG)
3 - Mika Zibanejad (WPG)

Power Play

Stars - 0 on 4 Attempt(s) - 0%
Jets - 1 on 5 Attempt(s) - 20%

Penalty Kill

Stars - 4 on 5 Attempt(s) - 80% - Score 0 goal in Penalty Kill
Jets - 4 on 4 Attempt(s) - 100% - Score 0 goal in Penalty Kill

Team Stat

Stars - Hits : 22 - Faceoff Wins : 37 - Blocked Shots : 17 - Penalty Minutes : 10
Jets - Hits : 10 - Faceoff Wins : 43 - Blocked Shots : 14 - Penalty Minutes : 8

Official

Referees : Jacob Brenk and Mark Lemelin
Linesman : Andy McElman and Brandon Gawryletz

Game Notes

No Game Note

Finance

Level 1 -- Attendance: 6000 (100%) -- Ticket Income 720 000 $
Level 2 -- Attendance: 4037 (81%) -- Ticket Income 444 070 $
Level 3 -- Attendance: 2200 (100%) -- Ticket Income 220 000 $
Level 4 -- Attendance: 1016 (100%) -- Ticket Income 91 440 $
Luxury Box -- Attendance: 792 (99%) -- Ticket Income 269 280 $
Game was played at the MTS Center.
Total Attendance: 14045 (94%)
Total Ticket Income: 1 744 790 $
Other Income: 854 947 $
Total Income: 2 599 737 $

% Time on Ice - Stars

Lines # - Real PCT - Wanted PCT - Time Play
Normal Forward
1 - 28% - 39% - 12:02
2 - 28% - 29% - 11:58
3 - 34% - 23% - 14:30
4 - 10% - 9% - 4:18
Normal Defense
1 - 31% - 40% - 13:13
2 - 32% - 30% - 13:46
3 - 30% - 20% - 12:50
4 - 7% - 10% - 2:59
PP Forward
1 - 49% - 60% - 3:55
2 - 51% - 40% - 4:01
PP Defense
1 - 52% - 60% - 4:08
2 - 48% - 40% - 3:48
PK Forward
1 - 62% - 60% - 5:47
2 - 38% - 40% - 3:29
PK Defense
1 - 47% - 60% - 4:23
2 - 53% - 40% - 4:53
PK3 Forward
1 - 0% - 60%
2 - 0% - 40%
PK3 Defense
1 - 0% - 60%
2 - 0% - 40%
44 Forward
1 - 0% - 60%
2 - 0% - 40%
44 Defense
1 - 0% - 60%
2 - 0% - 40%
Last Minute Offensive  - 0:00
Last Minute Defensive  - 0:00
Total
Forward - 60:00
Defense - 60:00

% Time on Ice - Jets

Lines # - Real PCT - Wanted PCT - Time Play
Normal Forward
1 - 26% - 35% - 10:59
2 - 34% - 35% - 14:29
3 - 27% - 20% - 11:32
4 - 14% - 10% - 5:48
Normal Defense
1 - 38% - 40% - 16:21
2 - 31% - 30% - 13:15
3 - 26% - 20% - 11:13
4 - 5% - 10% - 1:59
PP Forward
1 - 52% - 60% - 4:48
2 - 48% - 40% - 4:28
PP Defense
1 - 54% - 60% - 5:00
2 - 46% - 40% - 4:16
PK Forward
1 - 64% - 60% - 5:05
2 - 36% - 40% - 2:51
PK Defense
1 - 54% - 60% - 4:18
2 - 46% - 40% - 3:38
PK3 Forward
1 - 0% - 60%
2 - 0% - 40%
PK3 Defense
1 - 0% - 60%
2 - 0% - 40%
44 Forward
1 - 0% - 60%
2 - 0% - 40%
44 Defense
1 - 0% - 60%
2 - 0% - 40%
Last Minute Offensive  - 0:00
Last Minute Defensive  - 0:00
Total
Forward - 60:00
Defense - 60:00

Play-by-Play

1st period


0:01 of 1st period - Mika Zibanejad wins face-off versus Sidney Crosby in neutral zone.
0:08 of 1st period - Shot by Cam Atkinson.
0:08 of 1st period - Stopped by Darcy Kuemper without a rebound.
0:09 of 1st period - Patrice Bergeron wins face-off versus Evander Kane in Stars zone.
0:24 of 1st period - Shot by Danny DeKeyser.
0:24 of 1st period - Shot Misses the Net.
0:30 of 1st period - Danny DeKeyser is hit by Tomas Tatar and loses puck.
0:43 of 1st period - Shot by Jake Guentzel.
0:43 of 1st period - Shot Misses the Net.
0:45 of 1st period - Shot by Jake Muzzin.
0:45 of 1st period - Stopped by Darcy Kuemper without a rebound.
0:45 of 1st period - Minor Penalty to Danny DeKeyser for Holding.
0:46 of 1st period - Mika Zibanejad wins face-off versus Yanni Gourde in Stars zone.
1:11 of 1st period - Shot by Mikko Koivu.
1:11 of 1st period - Stopped by Darcy Kuemper without a rebound.
1:12 of 1st period - Patrice Bergeron wins face-off versus Tommy Wingels in Stars zone.
1:13 of 1st period - Shot by P.K. Subban.
1:13 of 1st period - Stopped by Darcy Kuemper without a rebound.
1:14 of 1st period - Patrice Bergeron wins face-off versus Tommy Wingels in Stars zone.
1:15 of 1st period - Shot by Jake Muzzin.
1:15 of 1st period - Stopped by Darcy Kuemper without a rebound.
1:16 of 1st period - Cam Atkinson wins face-off versus Tommy Wingels in Stars zone.
1:19 of 1st period - Shot by Jake Muzzin.
1:19 of 1st period - Shot Blocked by John Klingberg.
1:21 of 1st period - Shot by P.K. Subban.
1:21 of 1st period - Shot Hit the Post.
1:23 of 1st period - Shot by Patrice Bergeron.
1:23 of 1st period - Stopped by Darcy Kuemper with a rebound.
1:25 of 1st period - Shot by Cam Atkinson.
1:25 of 1st period - Shot Blocked by John Klingberg.
1:33 of 1st period - P.K. Subban is hit by Zach Aston-Reese and loses puck.
2:12 of 1st period - Shot by Sebastian Aho.
2:12 of 1st period - Stopped by Ben Bishop without a rebound.
2:13 of 1st period - Mika Zibanejad wins face-off versus Sebastian Aho in Jets zone.
2:55 of 1st period - Josh Bailey is hit by Carl Soderberg and loses puck.
3:40 of 1st period - Icing by John Klingberg.
3:41 of 1st period - Mikko Koivu wins face-off versus Sidney Crosby in Stars zone.
3:56 of 1st period - Bryan Rust is hit by Tommy Wingels and loses puck.
4:13 of 1st period - Shot by Mikko Koivu.
4:13 of 1st period - Shot Misses the Net.
4:21 of 1st period - Shot by Mikko Koivu.
4:21 of 1st period - Shot Misses the Net.
4:39 of 1st period - Shot by Patrice Bergeron.
4:39 of 1st period - Stopped by Darcy Kuemper without a rebound.
4:40 of 1st period - Nazem Kadri wins face-off versus Mika Zibanejad in Stars zone.
4:45 of 1st period - Mika Zibanejad is hit by Evander Kane.
4:48 of 1st period - Carl Soderberg is hit by Evander Kane and loses puck.
5:03 of 1st period - Shot by Evander Kane.
5:03 of 1st period - Deflect By Yanni Gourde.
5:03 of 1st period - Shot Misses the Net.
5:15 of 1st period - Shot by Brandon Montour.
5:15 of 1st period - Shot Blocked by Devon Toews.
5:42 of 1st period - Shot by Patrice Bergeron.
5:42 of 1st period - Shot Hit the Post.
5:44 of 1st period - Shot by Hampus Lindholm.
5:44 of 1st period - Goal by Hampus Lindholm - Stars : 0 - Jets : 1.
5:45 of 1st period - Sidney Crosby wins face-off versus Mikko Koivu in neutral zone.
6:10 of 1st period - Shot by Mikko Koivu.
6:10 of 1st period - Goal by Mikko Koivu - Stars : 0 - Jets : 2.
6:11 of 1st period - Patrice Bergeron wins face-off versus Devin Shore in neutral zone.
7:14 of 1st period - Shot by Jake Muzzin.
7:14 of 1st period - Stopped by Darcy Kuemper with a rebound.
7:16 of 1st period - Shot by Mikko Koivu.
7:16 of 1st period - Stopped by Darcy Kuemper without a rebound.
7:17 of 1st period - Sidney Crosby wins face-off versus Mika Zibanejad in Stars zone.
7:51 of 1st period - Shot by Sidney Crosby.
7:51 of 1st period - Shot Blocked by Devon Toews.
7:59 of 1st period - Shot by Cam Atkinson.
7:59 of 1st period - Shot Blocked by Brandon Montour.
8:14 of 1st period - Icing by Jake Muzzin.
8:15 of 1st period - Mikko Koivu wins face-off versus Yanni Gourde in Jets zone.
9:09 of 1st period - Icing by Hampus Lindholm.
9:10 of 1st period - Devin Shore wins face-off versus Jake Guentzel in Jets zone.
9:25 of 1st period - Shot by Josh Bailey.
9:25 of 1st period - Shot Blocked by Hampus Lindholm.
9:33 of 1st period - Shot by Josh Bailey.
9:33 of 1st period - Shot Misses the Net.
9:35 of 1st period - Shot by Ryan Murray.
9:35 of 1st period - Shot Misses the Net.
9:37 of 1st period - Shot by Paul Byron.
9:37 of 1st period - Stopped by Ben Bishop with a rebound.
9:49 of 1st period - Shot by Josh Bailey.
9:49 of 1st period - Stopped by Ben Bishop without a rebound.
9:50 of 1st period - Sidney Crosby wins face-off versus Cam Atkinson in Jets zone.
10:05 of 1st period - Shot by Zach Bogosian.
10:05 of 1st period - Stopped by Darcy Kuemper with a rebound.
10:07 of 1st period - Shot by Carl Soderberg.
10:07 of 1st period - Shot Misses the Net.
10:09 of 1st period - Shot by Cam Atkinson.
10:09 of 1st period - Stopped by Darcy Kuemper without a rebound.
10:10 of 1st period - Mikko Koivu wins face-off versus Nazem Kadri in Stars zone.
10:13 of 1st period - Shot by Bryan Rust.
10:13 of 1st period - Stopped by Darcy Kuemper without a rebound.
10:14 of 1st period - Sidney Crosby wins face-off versus Mika Zibanejad in Stars zone.
10:14 of 1st period - Sidney Crosby is hit by Mika Zibanejad.
10:25 of 1st period - Icing by Hampus Lindholm.
10:26 of 1st period - Mika Zibanejad wins face-off versus Nazem Kadri in Jets zone.
10:28 of 1st period - Icing by P.K. Subban.
10:29 of 1st period - Sidney Crosby wins face-off versus Mika Zibanejad in Jets zone.
10:34 of 1st period - Shot by Sidney Crosby.
10:34 of 1st period - Deflect By Sebastian Aho.
10:34 of 1st period - Shot Misses the Net.
10:47 of 1st period - Minor Penalty to P.K. Subban for Interference.
10:48 of 1st period - Nazem Kadri wins face-off versus Carl Soderberg in Jets zone.
11:04 of 1st period - Icing by John Klingberg.
11:05 of 1st period - Carl Soderberg wins face-off versus Nazem Kadri in Stars zone.
12:15 of 1st period - Shot by Evander Kane.
12:15 of 1st period - Shot Misses the Net.
12:17 of 1st period - Shot by Ryan Murray.
12:17 of 1st period - Stopped by Ben Bishop without a rebound.
12:18 of 1st period - Nazem Kadri wins face-off versus Carl Soderberg in Jets zone.
12:27 of 1st period - Shot by John Klingberg.
12:27 of 1st period - Stopped by Ben Bishop without a rebound.
12:28 of 1st period - Carl Soderberg wins face-off versus Sidney Crosby in Jets zone.
12:34 of 1st period - Icing by Ryan Murray.
12:35 of 1st period - Sidney Crosby wins face-off versus Carl Soderberg in Stars zone.
13:03 of 1st period - Shot by Devin Shore.
13:03 of 1st period - Shot Blocked by Devon Toews.
13:21 of 1st period - Shot by Tomas Tatar.
13:21 of 1st period - Shot Misses the Net.
14:01 of 1st period - Shot by Sidney Crosby.
14:01 of 1st period - Stopped by Ben Bishop without a rebound.
14:02 of 1st period - Nazem Kadri wins face-off versus Mika Zibanejad in Jets zone.
15:13 of 1st period - Shot by Jon Marchessault.
15:13 of 1st period - Shot Misses the Net.
15:18 of 1st period - Sebastian Aho is hit by Jake Muzzin and loses puck.
16:21 of 1st period - Shot by Paul Byron.
16:21 of 1st period - Shot Blocked by Derek MacKenzie.
16:23 of 1st period - Shot by Brandon Montour.
16:23 of 1st period - Shot Misses the Net.
16:27 of 1st period - Shot by Josh Bailey.
16:27 of 1st period - Stopped by Ben Bishop without a rebound.
16:28 of 1st period - Patrice Bergeron wins face-off versus Evander Kane in Jets zone.
16:30 of 1st period - Icing by Tomas Tatar.
16:31 of 1st period - Nazem Kadri wins face-off versus Patrice Bergeron in Jets zone.
16:52 of 1st period - Minor Penalty to P.K. Subban for Goalie Interference.
16:53 of 1st period - Sebastian Aho wins face-off versus Carl Soderberg in Jets zone.
16:53 of 1st period - Sebastian Aho is hit by Jake Muzzin.
17:01 of 1st period - Shot by Duncan Keith.
17:01 of 1st period - Shot Misses the Net.
17:53 of 1st period - Shot by John Klingberg.
17:53 of 1st period - Stopped by Ben Bishop without a rebound.
17:54 of 1st period - Sidney Crosby wins face-off versus Derek MacKenzie in Jets zone.
18:52 of 1st period - Minor Penalty to Paul Byron for Holding.
18:53 of 1st period - Patrice Bergeron wins face-off versus Tommy Wingels in Stars zone.
19:04 of 1st period - Shot by P.K. Subban.
19:04 of 1st period - Shot Blocked by Danny DeKeyser.
19:06 of 1st period - Shot by P.K. Subban.
19:06 of 1st period - Shot Misses the Net.
19:18 of 1st period - Shot by Tomas Tatar.
19:18 of 1st period - Shot Misses the Net.
19:20 of 1st period - Shot by Cam Atkinson.
19:20 of 1st period - Shot Blocked by Danny DeKeyser.
19:54 of 1st period - Shot by Hampus Lindholm.
19:54 of 1st period - Stopped by Darcy Kuemper without a rebound.
19:55 of 1st period - Tommy Wingels wins face-off versus Mika Zibanejad in Stars zone.
Goals for this period are 0 for Stars vs 2 for Jets.
Shots for this period are 8 for Stars vs 15 for Jets.

2nd period


0:01 of 2nd period - Yanni Gourde wins face-off versus Patrice Bergeron in neutral zone.
0:12 of 2nd period - Shot by Patrice Bergeron.
0:12 of 2nd period - Shot Blocked by John Klingberg.
0:14 of 2nd period - Shot by P.K. Subban.
0:14 of 2nd period - Stopped by Darcy Kuemper without a rebound.
0:15 of 2nd period - Mika Zibanejad wins face-off versus Yanni Gourde in Stars zone.
0:18 of 2nd period - Shot by Mikko Koivu.
0:18 of 2nd period - Shot Blocked by Duncan Keith.
1:22 of 2nd period - Shot by Carl Soderberg.
1:22 of 2nd period - Shot Blocked by Ryan Murray.
1:23 of 2nd period - Minor Penalty to Joel Edmundson for Tripping.
1:24 of 2nd period - Yanni Gourde wins face-off versus Tomas Tatar in Stars zone.
1:55 of 2nd period - Icing by P.K. Subban.
1:56 of 2nd period - Patrice Bergeron wins face-off versus Sebastian Aho in Jets zone.
2:11 of 2nd period - Shot by Tomas Tatar.
2:11 of 2nd period - Stopped by Darcy Kuemper without a rebound.
2:12 of 2nd period - Mika Zibanejad wins face-off versus Tommy Wingels in Stars zone.
2:33 of 2nd period - Shot by Hampus Lindholm.
2:33 of 2nd period - Stopped by Darcy Kuemper without a rebound.
2:34 of 2nd period - Patrice Bergeron wins face-off versus Yanni Gourde in Stars zone.
2:39 of 2nd period - Shot by Patrice Bergeron.
2:39 of 2nd period - Deflect By Tomas Tatar.
2:39 of 2nd period - Shot Misses the Net.
2:41 of 2nd period - Shot by Hampus Lindholm.
2:41 of 2nd period - Shot Misses the Net.
2:43 of 2nd period - Shot by Tomas Tatar.
2:43 of 2nd period - Goal by Tomas Tatar - Stars : 0 - Jets : 3.
2:44 of 2nd period - Devin Shore wins face-off versus Mikko Koivu in neutral zone.
2:55 of 2nd period - Shot by Paul Byron.
2:55 of 2nd period - Deflect By Josh Bailey.
2:55 of 2nd period - Shot Blocked by P.K. Subban.
2:57 of 2nd period - Shot by Josh Bailey.
2:57 of 2nd period - Shot Blocked by Mikko Koivu.
2:59 of 2nd period - Shot by Josh Bailey.
2:59 of 2nd period - Stopped by Ben Bishop with a rebound.
4:10 of 2nd period - Shot by Sebastian Aho.
4:10 of 2nd period - Stopped by Ben Bishop without a rebound.
4:11 of 2nd period - Nazem Kadri wins face-off versus Patrice Bergeron in Jets zone.
4:20 of 2nd period - Shot by Nazem Kadri.
4:20 of 2nd period - Stopped by Ben Bishop with a rebound.
4:24 of 2nd period - Shot by Yanni Gourde.
4:24 of 2nd period - Shot Blocked by Zach Bogosian.
4:26 of 2nd period - Shot by Evander Kane.
4:26 of 2nd period - Shot Blocked by Zach Bogosian.
4:44 of 2nd period - Shot by Nazem Kadri.
4:44 of 2nd period - Stopped by Ben Bishop without a rebound.
4:45 of 2nd period - Devin Shore wins face-off versus Mika Zibanejad in Jets zone.
4:56 of 2nd period - Shot by Paul Byron.
4:56 of 2nd period - Deflect By Josh Bailey.
4:56 of 2nd period - Shot Blocked by Mika Zibanejad.
4:58 of 2nd period - Shot by Devin Shore.
4:58 of 2nd period - Stopped by Ben Bishop without a rebound.
4:59 of 2nd period - Sebastian Aho wins face-off versus Mikko Koivu in Jets zone.
4:59 of 2nd period - Sebastian Aho is hit by Hampus Lindholm.
7:04 of 2nd period - Patrice Bergeron is hit by Devin Shore and loses puck.
7:28 of 2nd period - Bryan Rust is hit by Joel Edmundson.
7:29 of 2nd period - Minor Penalty to Joel Edmundson for Cross-checking.
7:30 of 2nd period - Mika Zibanejad wins face-off versus Tommy Wingels in Stars zone.
7:30 of 2nd period - Mika Zibanejad is hit by Duncan Keith.
7:45 of 2nd period - Shot by Mika Zibanejad.
7:45 of 2nd period - Shot Misses the Net.
7:47 of 2nd period - Shot by Mika Zibanejad.
7:47 of 2nd period - Deflect By Jake Guentzel.
7:47 of 2nd period - Shot Misses the Net.
7:49 of 2nd period - Shot by Jake Muzzin.
7:49 of 2nd period - Shot Misses the Net.
7:51 of 2nd period - Shot by Mika Zibanejad.
7:51 of 2nd period - Stopped by Darcy Kuemper without a rebound.
7:52 of 2nd period - Tomas Tatar wins face-off versus Yanni Gourde in Stars zone.
8:11 of 2nd period - Shot by Tomas Tatar.
8:11 of 2nd period - Shot Blocked by Brandon Montour.
8:19 of 2nd period - Shot by Patrice Bergeron.
8:19 of 2nd period - Stopped by Darcy Kuemper without a rebound.
8:20 of 2nd period - Mika Zibanejad wins face-off versus Tommy Wingels in Stars zone.
8:33 of 2nd period - Shot by Jake Guentzel.
8:33 of 2nd period - Shot Blocked by Duncan Keith.
8:47 of 2nd period - Shot by Zach Aston-Reese.
8:47 of 2nd period - Shot Misses the Net.
8:53 of 2nd period - Shot by Zach Aston-Reese.
8:53 of 2nd period - Shot Misses the Net.
8:55 of 2nd period - Shot by Duncan Keith.
8:55 of 2nd period - Shot Blocked by Hampus Lindholm.
9:45 of 2nd period - Shot by Devin Shore.
9:45 of 2nd period - Stopped by Ben Bishop without a rebound.
9:46 of 2nd period - Kevin Rooney wins face-off versus Sidney Crosby in Jets zone.
10:11 of 2nd period - Carl Soderberg is hit by Jon Marchessault and loses puck.
10:20 of 2nd period - Shot by Jon Marchessault.
10:20 of 2nd period - Shot Blocked by Derek MacKenzie.
11:29 of 2nd period - Minor Penalty to Tomas Tatar for Holding Stick.
11:30 of 2nd period - Sidney Crosby wins face-off versus Bryan Rust in Jets zone.
12:14 of 2nd period - Off-side.
12:15 of 2nd period - Carl Soderberg wins face-off versus Nazem Kadri in neutral zone.
13:48 of 2nd period - Shot by Paul Byron.
13:48 of 2nd period - Shot Misses the Net.
14:20 of 2nd period - Icing by Patrice Bergeron.
14:21 of 2nd period - Sidney Crosby wins face-off versus Jake Guentzel in Jets zone.
15:02 of 2nd period - Icing by P.K. Subban.
15:03 of 2nd period - Mika Zibanejad wins face-off versus Nazem Kadri in Jets zone.
15:23 of 2nd period - Carl Soderberg is hit by Evander Kane and loses puck.
15:34 of 2nd period - Shot by Evander Kane.
15:34 of 2nd period - Shot Misses the Net.
16:07 of 2nd period - Nick Foligno is hit by Joel Edmundson and loses puck.
16:18 of 2nd period - Nick Foligno is hit by Devin Shore and loses puck.
16:40 of 2nd period - Patrice Bergeron is hit by Joel Edmundson and loses puck.
16:49 of 2nd period - Shot by Tomas Tatar.
16:49 of 2nd period - Stopped by Darcy Kuemper without a rebound.
16:50 of 2nd period - Patrice Bergeron wins face-off versus Sidney Crosby in Stars zone.
17:33 of 2nd period - Shot by Kevin Rooney.
17:33 of 2nd period - Shot Blocked by Danny DeKeyser.
17:53 of 2nd period - Shot by Carl Soderberg.
17:53 of 2nd period - Stopped by Darcy Kuemper with a rebound.
18:05 of 2nd period - Nick Foligno is hit by Jon Marchessault and loses puck.
18:12 of 2nd period - Shot by Mikko Koivu.
18:12 of 2nd period - Stopped by Darcy Kuemper without a rebound.
18:13 of 2nd period - Nazem Kadri wins face-off versus Mikko Koivu in Stars zone.
18:26 of 2nd period - Shot by Nazem Kadri.
18:26 of 2nd period - Stopped by Ben Bishop without a rebound.
18:27 of 2nd period - Patrice Bergeron wins face-off versus Devin Shore in Jets zone.
18:27 of 2nd period - Patrice Bergeron is hit by Devin Shore.
18:54 of 2nd period - Shot by Josh Bailey.
18:54 of 2nd period - Shot Misses the Net.
19:52 of 2nd period - Carl Soderberg is hit by Duncan Keith and loses puck.
Goals for this period are 0 for Stars vs 1 for Jets.
Shots for this period are 7 for Stars vs 9 for Jets.

3rd period


0:01 of 3rd period - Sidney Crosby wins face-off versus Mika Zibanejad in neutral zone.
0:11 of 3rd period - Minor Penalty to Sidney Crosby for Cross-checking.
0:12 of 3rd period - Patrice Bergeron wins face-off versus Sebastian Aho in Stars zone.
0:33 of 3rd period - Shot by Cam Atkinson.
0:33 of 3rd period - Stopped by Darcy Kuemper without a rebound.
0:34 of 3rd period - Mika Zibanejad wins face-off versus Yanni Gourde in Stars zone.
0:49 of 3rd period - Danny DeKeyser is hit by Jake Guentzel and loses puck.
0:56 of 3rd period - Shot by Mika Zibanejad.
0:56 of 3rd period - Stopped by Darcy Kuemper without a rebound.
0:57 of 3rd period - Patrice Bergeron wins face-off versus Tommy Wingels in Stars zone.
1:06 of 3rd period - Shot by P.K. Subban.
1:06 of 3rd period - Stopped by Darcy Kuemper without a rebound.
1:07 of 3rd period - Yanni Gourde wins face-off versus Patrice Bergeron in Stars zone.
1:39 of 3rd period - Shot by P.K. Subban.
1:39 of 3rd period - Stopped by Darcy Kuemper with a rebound.
1:45 of 3rd period - Shot by Patrice Bergeron.
1:45 of 3rd period - Shot Misses the Net.
1:57 of 3rd period - Shot by Hampus Lindholm.
1:57 of 3rd period - Stopped by Darcy Kuemper without a rebound.
1:58 of 3rd period - Yanni Gourde wins face-off versus Mika Zibanejad in Stars zone.
2:17 of 3rd period - Shot by Carl Soderberg.
2:17 of 3rd period - Shot Misses the Net.
2:19 of 3rd period - Shot by Kevin Rooney.
2:19 of 3rd period - Stopped by Darcy Kuemper with a rebound.
2:37 of 3rd period - Joel Edmundson is hit by Kevin Rooney and loses puck.
3:10 of 3rd period - Shot by Mikko Koivu.
3:10 of 3rd period - Stopped by Darcy Kuemper without a rebound.
3:11 of 3rd period - Patrice Bergeron wins face-off versus Sidney Crosby in Stars zone.
4:37 of 3rd period - Shot by Nick Foligno.
4:37 of 3rd period - Stopped by Darcy Kuemper without a rebound.
4:38 of 3rd period - Mika Zibanejad wins face-off versus Nazem Kadri in Stars zone.
4:45 of 3rd period - Shot by Carl Soderberg.
4:45 of 3rd period - Stopped by Darcy Kuemper without a rebound.
4:46 of 3rd period - Nazem Kadri wins face-off versus Mika Zibanejad in Stars zone.
5:06 of 3rd period - Cam Atkinson is hit by Danny DeKeyser and loses puck.
5:32 of 3rd period - Icing by Brandon Montour.
5:33 of 3rd period - Nazem Kadri wins face-off versus Mikko Koivu in Stars zone.
5:56 of 3rd period - Shot by Bryan Rust.
5:56 of 3rd period - Stopped by Darcy Kuemper without a rebound.
5:57 of 3rd period - Patrice Bergeron wins face-off versus Sidney Crosby in Stars zone.
6:32 of 3rd period - Shot by Jon Marchessault.
6:32 of 3rd period - Shot Misses the Net.
6:34 of 3rd period - Shot by Tommy Wingels.
6:34 of 3rd period - Shot Misses the Net.
6:36 of 3rd period - Shot by Sidney Crosby.
6:36 of 3rd period - Stopped by Ben Bishop without a rebound.
6:37 of 3rd period - Mika Zibanejad wins face-off versus Devin Shore in Jets zone.
6:49 of 3rd period - Shot by Devin Shore.
6:49 of 3rd period - Stopped by Ben Bishop with a rebound.
6:57 of 3rd period - Shot by Carl Soderberg.
6:57 of 3rd period - Shot Misses the Net.
7:03 of 3rd period - Danny DeKeyser is hit by Mika Zibanejad and loses puck.
7:31 of 3rd period - Icing by Ryan Murray.
7:32 of 3rd period - Patrice Bergeron wins face-off versus Nazem Kadri in Stars zone.
7:40 of 3rd period - Minor Penalty to Jake Muzzin for Tripping.
7:41 of 3rd period - Sidney Crosby wins face-off versus Carl Soderberg in Jets zone.
8:01 of 3rd period - Shot by Duncan Keith.
8:01 of 3rd period - Shot Misses the Net.
8:44 of 3rd period - Icing by John Klingberg.
8:45 of 3rd period - Nazem Kadri wins face-off versus Carl Soderberg in Stars zone.
9:55 of 3rd period - Shot by Jake Guentzel.
9:55 of 3rd period - Shot Blocked by Ryan Murray.
10:06 of 3rd period - Shot by Patrice Bergeron.
10:06 of 3rd period - Shot Misses the Net.
10:08 of 3rd period - Shot by Patrice Bergeron.
10:08 of 3rd period - Shot Blocked by Ryan Murray.
10:10 of 3rd period - Shot by Devon Toews.
10:10 of 3rd period - Shot Misses the Net.
10:42 of 3rd period - Shot by Bryan Rust.
10:42 of 3rd period - Shot Blocked by John Klingberg.
10:44 of 3rd period - Shot by Bryan Rust.
10:44 of 3rd period - Shot Misses the Net.
10:56 of 3rd period - Shot by Hampus Lindholm.
10:56 of 3rd period - Stopped by Darcy Kuemper without a rebound.
10:57 of 3rd period - Nazem Kadri wins face-off versus Mika Zibanejad in Stars zone.
11:04 of 3rd period - Shot by Yanni Gourde.
11:04 of 3rd period - Shot Blocked by P.K. Subban.
11:22 of 3rd period - Shot by Mika Zibanejad.
11:22 of 3rd period - Goal by Mika Zibanejad - Stars : 0 - Jets : 4.
11:23 of 3rd period - Mikko Koivu wins face-off versus Devin Shore in neutral zone.
11:32 of 3rd period - Shot by Nick Foligno.
11:32 of 3rd period - Stopped by Darcy Kuemper without a rebound.
11:33 of 3rd period - Mikko Koivu wins face-off versus Sidney Crosby in Stars zone.
11:37 of 3rd period - Nick Foligno is hit by John Klingberg and loses puck.
11:44 of 3rd period - Nick Foligno is hit by Sidney Crosby and loses puck.
11:49 of 3rd period - Shot by Sidney Crosby.
11:49 of 3rd period - Stopped by Ben Bishop without a rebound.
11:50 of 3rd period - Patrice Bergeron wins face-off versus Evander Kane in Jets zone.
12:27 of 3rd period - Shot by Hampus Lindholm.
12:27 of 3rd period - Stopped by Darcy Kuemper without a rebound.
12:28 of 3rd period - Mika Zibanejad wins face-off versus Sidney Crosby in Stars zone.
12:28 of 3rd period - Mika Zibanejad is hit by John Klingberg.
12:41 of 3rd period - Off-side.
12:42 of 3rd period - Mikko Koivu wins face-off versus Devin Shore in neutral zone.
12:51 of 3rd period - Shot by Mikko Koivu.
12:51 of 3rd period - Shot Blocked by Ryan Murray.
12:55 of 3rd period - Shot by Mikko Koivu.
12:55 of 3rd period - Shot Blocked by Ryan Murray.
12:57 of 3rd period - Shot by Devon Toews.
12:57 of 3rd period - Shot Misses the Net.
12:59 of 3rd period - Shot by Mikko Koivu.
12:59 of 3rd period - Stopped by Darcy Kuemper with a rebound.
13:01 of 3rd period - Shot by Bryan Rust.
13:01 of 3rd period - Shot Hit the Post.
13:03 of 3rd period - Shot by Zach Bogosian.
13:03 of 3rd period - Shot Blocked by Joel Edmundson.
13:52 of 3rd period - Off-side.
13:53 of 3rd period - Cam Atkinson wins face-off versus Sidney Crosby in neutral zone.
14:08 of 3rd period - Shot by Sebastian Aho.
14:08 of 3rd period - Shot Blocked by P.K. Subban.
15:10 of 3rd period - Shot by Tomas Tatar.
15:10 of 3rd period - Shot Misses the Net.
15:12 of 3rd period - Shot by Jake Guentzel.
15:12 of 3rd period - Stopped by Darcy Kuemper without a rebound.
15:13 of 3rd period - Sidney Crosby wins face-off versus Kevin Rooney in Stars zone.
15:53 of 3rd period - Carl Soderberg is hit by Paul Byron.
16:30 of 3rd period - Patrice Bergeron is hit by Joel Edmundson and loses puck.
17:04 of 3rd period - Off-side.
17:05 of 3rd period - Nazem Kadri wins face-off versus Mikko Koivu in neutral zone.
17:30 of 3rd period - Shot by Mikko Koivu.
17:30 of 3rd period - Shot Misses the Net.
17:32 of 3rd period - Shot by Mikko Koivu.
17:32 of 3rd period - Shot Misses the Net.
18:04 of 3rd period - Icing by John Klingberg.
18:05 of 3rd period - Sidney Crosby wins face-off versus Patrice Bergeron in Stars zone.
18:15 of 3rd period - Shot by Jon Marchessault.
18:15 of 3rd period - Stopped by Ben Bishop without a rebound.
18:16 of 3rd period - Sidney Crosby wins face-off versus Mika Zibanejad in Jets zone.
18:41 of 3rd period - Sidney Crosby is hit by Zach Bogosian and loses puck.
18:44 of 3rd period - Shot by Sidney Crosby.
18:44 of 3rd period - Stopped by Ben Bishop without a rebound.
18:45 of 3rd period - Nazem Kadri wins face-off versus Patrice Bergeron in Jets zone.
18:58 of 3rd period - Shot by Tomas Tatar.
18:58 of 3rd period - Shot Misses the Net.
19:20 of 3rd period - Shot by Nazem Kadri.
19:20 of 3rd period - Shot Misses the Net.
19:37 of 3rd period - Off-side.
19:38 of 3rd period - Mikko Koivu wins face-off versus Sidney Crosby in neutral zone.
19:38 of 3rd period - Mikko Koivu is hit by Sidney Crosby.
Goals for this period are 0 for Stars vs 1 for Jets.
Shots for this period are 5 for Stars vs 16 for Jets.